 Dungeon Crawl Stone Soup version 0.27.1-1-g398f81649c (webtiles) character file.

Game seed: 14555543437521682430

572 MisterFreud the Shield-Bearer (level 7, -3/60 HPs)
             Began as a Gnoll Fighter on Sept 14, 2021.
             Was a Believer of Ru.
             Killed from afar by a steam dragon (18 damage)
             ... with a ball of steam
             ... on level 4 of the Dungeon.
             The game lasted 00:06:27 (4908 turns).

MisterFreud the Shield-Bearer (Gnoll Fighter)       Turns: 4908, Time: 00:06:27

Health: -3/60      AC:  9    Str: 16    XL:     7   Next: 34%
Magic:  10/10      EV:  3    Int:  9    God:    Ru [**....]
Gold:   224        SH: 11    Dex: 11    Spells: 10/10 levels left

rFire    . . .     SeeInvis .   j - +2 dagger (venom)
rCold    . . .     Faith    .   c - +1 kite shield
rNeg     . . .     Spirit   .   b - +0 scale mail
rPois    .         Reflect  .   k - +0 helmet
rElec    .         Harm     .   (no cloak)
rCorr    .         Rampage  .   (no gloves)
Will     .....                  (no boots)
Stlth    +.........             (no amulet)
HPRegen  0.20/turn              (no ring)
MPRegen  0.12/turn              (no ring)

@: no status effects
A: fangs 1, hated by all, reduced EV 1, strong nose, distributed training
a: Renounce Religion


You were on level 4 of the Dungeon.
You worshipped Ru.
Ru was pleased with you.
You visited 1 branch of the dungeon, and saw 4 of its levels.

You collected 224 gold pieces.

Inventory:

Hand Weapons
 a - a +0 rapier
 j - a +2 dagger of venom (weapon)
Missiles
 i - 22 poisoned darts (quivered)
 n - a throwing net
Armour
 b - a +0 scale mail (worn)
 c - a +1 kite shield (worn)
 k - a +0 helmet (worn)
Wands
 p - a wand of flame (22)
Scrolls
 e - a scroll of enchant weapon {unknown}
 g - a scroll of enchant armour
 h - a scroll of vulnerability {unknown}
Potions
 d - a potion of curing {unknown}
 f - a potion of resistance


   Skills:
 + Level 7.0 Fighting
 + Level 5.2 Short Blades
 + Level 2.4 Long Blades
 + Level 2.4 Axes
 + Level 2.4 Maces & Flails
 + Level 2.4 Polearms
 + Level 2.4 Staves
 + Level 2.4 Slings
 + Level 2.4 Bows
 + Level 2.4 Crossbows
 + Level 2.4 Throwing
 + Level 7.0 Armour
 + Level 2.4 Dodging
 + Level 2.4 Stealth
 + Level 7.0 Shields
 + Level 2.4 Unarmed Combat
 + Level 2.4 Spellcasting
 + Level 2.0 Conjurations
 + Level 2.0 Hexes
   Level 1.8 Summonings
 + Level 2.0 Necromancy
 + Level 2.0 Translocations
 + Level 2.0 Transmutations
 + Level 2.0 Fire Magic
 + Level 2.0 Ice Magic
 + Level 2.0 Air Magic
 + Level 2.0 Earth Magic
 + Level 2.0 Poison Magic
 + Level 2.7 Invocations
 + Level 2.4 Evocations


You had 10 spell levels left.
You didn't know any spells.
Your spell library contained the following spells:

 Spells                   Type           Power      Damage    Failure   Level
 Corona                   Hex            4%         N/A       77%         1
 Pain                     Necr           16%        1d4       77%         1
 Shock                    Conj/Air       16%        1d4       77%         1
 Ensorcelled Hibernation  Hex/Ice        8%         N/A       88%         2
 Frozen Ramparts          Ice            8%         1d2       98%         3
 Swiftness                Air            4%         N/A       98%         3
 Vampiric Draining        Necr           2%         2d6       98%         3
 Airstrike                Air            2%         N/A       100%        4
 Ice Form                 Ice/Tmut       4%         N/A       100%        4
 Animate Skeleton         Necr           Unusable   N/A       N/A         1
 Tukima's Dance           Hex            Unusable   N/A       N/A         3
 Summon Ice Beast         Ice/Summ       Unusable   N/A       N/A         4

Dungeon Overview and Level Annotations

Branches:
Dungeon (4/15)
 Temple: D:4-7

Altars:
Hepliaklqana
Ru

Shops:
D:3 =


Innate Abilities, Weirdness & Mutations

You have very sharp teeth.
You are hated by all.
You have somewhat slow reflexes. (EV -5)
Your uncanny sense of smell can sniff out nearby items.
Your experience applies equally to all skills.


Message History

Things that are here:
a +0 dagger; a kobold corpse
There is an open door here.
There is an open door here.
Found a scroll labelled WOOMAA SIYQIME.
h - a scroll labelled WOOMAA SIYQIME A steam dragon comes into view.
The steam dragon hisses angrily.
The steam dragon breathes steam at you. The ball of steam hits you!
The steam dragon moves out of view.
The steam dragon breathes steam at you. The ball of steam hits you!
You are engulfed in a cloud of scalding steam.
You barely miss the steam dragon.
You are engulfed in a cloud of scalding steam.
You redirect the steam dragon's attack!
The steam dragon barely misses you.
The steam dragon claws you but does no damage.
You hit the steam dragon.
The steam dragon is poisoned.
You bite the steam dragon, but do no damage.
The steam dragon is lightly wounded.
The steam dragon breathes steam at you. The ball of steam hits you!
You hit the steam dragon.
The steam dragon looks as sick as possible!
The steam dragon is moderately wounded.
You are engulfed in a cloud of scalding steam.
The steam dragon bites you!
* * * LOW HITPOINT WARNING * * *
The steam dragon claws you.
* * * LOW HITPOINT WARNING * * *
The steam dragon bites you but does no damage.
The steam dragon claws you but does no damage.
Okay, then.
You hit the steam dragon.
The steam dragon looks as sick as possible!
The steam dragon is severely wounded.
The steam dragon breathes steam at you. The ball of steam hits you!!
You die...

##.......##
##.##.#
##.....##
####.# ##...##
#.# ##+#
#####.# #.
#.....# #.
#.#####
###.##### #.#
#.......# #.#
##...D@#.####.#
#...§§........#
##..§§§#.######
......§.##.#
####.#§###.#
#... ..# ####
###


You could see a steam dragon (extremely poisoned, catching breath).

Vanquished Creatures
  Grinder (D:4)
  A scorpion (D:4)
  A hound (D:4)
  An orc priest (D:3)
  An iguana (D:4)
  2 hound skeletons (D:4)
  Robin (D:2)
  8 gnolls
  2 adders (D:3)
  An ufetubus (D:3)
  2 worms
  A dart slug (D:2)
  6 orcs
  9 endoplasms
  3 giant cockroaches
  15 goblins
  4 hobgoblins
  2 quokkas
  2 ball pythons
  10 bats
  8 frilled lizards
  10 kobolds
  8 rats
99 creatures vanquished.

Vanquished Creatures (others)
  A spectral orc (D:4)
  7 plants (D:3)
8 creatures vanquished.

Grand Total: 107 creatures vanquished

Notes
Turn   | Place    | Note
-------+----------+-------------------------------------------
     0 | D:1      | MisterFreud the Gnoll Fighter began the quest for the Orb.
     0 | D:1      | Reached XP level 1. HP: 23/23 MP: 1/1
   218 | D:1      | Reached XP level 2. HP: 29/29 MP: 2/2
   448 | D:1      | Found a faded altar of an unknown god.
   448 | D:1      | Noticed a sun demon
   456 | D:1      | Became a worshipper of Ru the Awakened
   468 | D:1      | Gained mutation: You are hated by all. [Ru sacrifice]
   468 | D:1      | Reached * piety under Ru
  1059 | D:1      | Reached XP level 3. HP: 8/35 MP: 3/3
  1644 | D:2      | Noticed Robin
  1662 | D:2      | Reached skill level 1 in Invocations
  1697 | D:2      | Killed Robin
  1698 | D:2      | Reached skill level 1 in Long Blades
  1698 | D:2      | Reached skill level 1 in Axes
  1698 | D:2      | Reached skill level 1 in Maces & Flails
  1698 | D:2      | Reached skill level 1 in Polearms
  1698 | D:2      | Reached skill level 1 in Staves
  1698 | D:2      | Reached skill level 1 in Slings
  1698 | D:2      | Reached skill level 1 in Bows
  1698 | D:2      | Reached skill level 1 in Crossbows
  1698 | D:2      | Reached skill level 1 in Throwing
  1698 | D:2      | Reached skill level 1 in Dodging
  1698 | D:2      | Reached skill level 1 in Stealth
  1698 | D:2      | Reached skill level 1 in Unarmed Combat
  1698 | D:2      | Reached skill level 1 in Spellcasting
  1698 | D:2      | Reached skill level 1 in Evocations
  1735 | D:2      | Reached XP level 4. HP: 27/41 MP: 5/5
  1870 | D:2      | Reached skill level 1 in Conjurations
  1870 | D:2      | Reached skill level 1 in Hexes
  1870 | D:2      | Reached skill level 1 in Necromancy
  1870 | D:2      | Reached skill level 1 in Translocations
  1870 | D:2      | Reached skill level 1 in Transmutations
  1870 | D:2      | Reached skill level 1 in Fire Magic
  1870 | D:2      | Reached skill level 1 in Ice Magic
  1870 | D:2      | Reached skill level 1 in Air Magic
  1870 | D:2      | Reached skill level 1 in Earth Magic
  1870 | D:2      | Reached skill level 1 in Poison Magic
  2702 | D:3      | Reached XP level 5. HP: 47/47 MP: 6/6
  2741 | D:3      | Gained mutation: You have somewhat slow reflexes. (EV -5)
                  | [Ru sacrifice]
  2741 | D:3      | Reached ** piety under Ru
  2847 | D:3      | Reached skill level 1 in Summonings
  3109 | D:3      | Found Saijein's Jewellery Boutique.
  3674 | D:4      | Noticed Grinder
  3676 | D:4      | Paralysed by Grinder for 4 turns
  4096 | D:3      | Reached XP level 6. HP: 36/53 MP: 8/8
  4200 | D:4      | Paralysed by Grinder for 5 turns
  4218 | D:4      | Paralysed by Grinder for 6 turns
  4237 | D:4      | Killed Grinder
  4238 | D:4      | Reached skill level 5 in Short Blades
  4238 | D:4      | Reached XP level 7. HP: 22/59 MP: 8/10
  4898 | D:4      | Noticed a steam dragon
  4908 | D:4      | Killed from afar by a steam dragon

Illustrated notes

Levels and vault maps discovered:
D:1:      dpeg_arrival_refuge, layout_basic,
          dreamdust_ecumenical_altar_sealed_demon
D:2:      layout_loops_ring, kennysheep_small_spiral, uniq_robin
D:3:      layout_basic, serial_shops, shop_statue, lexackson_kobold_supper
D:4:      layout_loops_corners, lemuel_mausoleum_altar_yredelemnul,
          nicolae_hepliaklqana_monster_ancestors, minmay_strange_pillars,
          uniq_grinder

Skill      XL: |  1  2  3  4  5  6  7 |
---------------+----------------------+-----
Invocations    | 1 2 |  2.7
Long Blades    | 1 2 |  2.4
Axes           | 1 2 |  2.4
Maces & Flails | 1 2 |  2.4
Polearms       | 1 2 |  2.4
Staves         | 1 2 |  2.4
Slings         | 1 2 |  2.4
Bows           | 1 2 |  2.4
Crossbows      | 1 2 |  2.4
Throwing       | 1 2 |  2.4
Dodging        | 1 2 |  2.4
Stealth        | 1 2 |  2.4
Unarmed Combat | 1 2 |  2.4
Spellcasting   | 1 2 |  2.4
Evocations     | 1 2 |  2.4
Conjurations   | 1 2 |  2.0
Hexes          | 1 2 |  2.0
Necromancy     | 1 2 |  2.0
Translocations | 1 2 |  2.0
Transmutations | 1 2 |  2.0
Fire Magic     | 1 2 |  2.0
Ice Magic      | 1 2 |  2.0
Air Magic      | 1 2 |  2.0
Earth Magic    | 1 2 |  2.0
Poison Magic   | 1 2 |  2.0
Summonings     | 1 |  1.8
Short Blades   | 5 |  5.2
Fighting       | 7 |  7.0
Armour         | 7 |  7.0
Shields        | 7 |  7.0

Action                   |  1- 3 |  4- 6 |  7- 9 || total
-------------------------+-------+-------+-------++-------
Melee: Rapier            |    64 |       |       ||    64
       Bite              |     9 |    15 |    10 ||    34
       Dagger            |    34 |   178 |    49 ||   261
Invok: Sacrifice Love    |     1 |       |       ||     1
       Sacrifice Health  |       |     1 |       ||     1
  Use: Potion            |       |     7 |       ||     7
       Scroll            |       |     1 |     1 ||     2
 Stab: Invisible         |       |     1 |     1 ||     2
       Distracted        |       |     1 |       ||     1
Armor: Scale mail        |    33 |    56 |    21 ||   110
       Skin              |       |     1 |       ||     1
Dodge: Dodged            |    22 |    25 |     7 ||    54
Block: Kite shield       |    31 |    79 |    20 ||   130
